[ PARTIDA AOE2 · #494720037 ]
UnrankedMaya vs Berbers
Equipo del jugador · DERR
Equipo rival · VICT
[ ANÁLISIS DE REPETICIÓN · EXTRAÍDO DE LA PARTIDA GRABADA ]
Feudal
11:36
Castillos
16:03
Imperial
—
| APM promedio | 53.6 |
| APM pico | 104 |
| eAPM promedio | 24.5 |
| Aldeanos / militares | 73 / 55 |
Foco
⚔️ 32.9% · 🌾 67.1%
Spearman ×34 · Eagle Scout ×15 · Monk ×3 · Militia ×2 · Scorpion ×1
Feudal
9:01
Castillos
22:01
Imperial
—
| APM promedio | 45.1 |
| APM pico | 76 |
| eAPM promedio | 18.6 |
| Aldeanos / militares | 63 / 47 |
Foco
⚔️ 37.2% · 🌾 62.8%
Knight ×28 · Scout Cavalry ×13 · Mangonel ×2 · Scorpion ×2 · Spearman ×1 · Camel Archer ×1
Mapa de la partida
Recursos iniciales + cada clic de construcción. Líneas = muros · curvas = relieve. ◆ oro · ⬟ piedra · ● bayas · ✦ reliquia · ◌ hueco del cierre
Tu base· Abierta — flanco sin cerrar
Base de MooN | MooN· Abierta — hueco de 6t
Terreno inicial suavizado · ◌ = hueco del cierre detectado · pasá el cursor para detalles
Inputs por minuto
— shegin - - MooN | MooN
Build order — shegin
Primeras 150 de 215 acciones detectadas
| 0:01 | Investigar | Loom |
| 0:01 | Crear | Villager (Male) |
| 0:01 | Crear | Villager (Male) |
| 0:02 | Construir | House |
| 0:04 | Construir | House |
| 1:23 | Crear | Villager (Male) |
| 1:23 | Crear | Villager (Male) |
| 1:47 | Crear | Villager (Male) |
| 1:47 | Crear | Villager (Male) |
| 2:30 | Crear | Villager (Male) |
| 2:30 | Crear | Villager (Male) |
| 2:40 | Crear | Villager (Male) |
| 3:12 | Crear | Villager (Male) |
| 3:12 | Crear | Villager (Male) |
| 3:12 | Crear | Villager (Male) |
| 3:32 | Construir | Barracks |
| 4:09 | Construir | House |
| 4:24 | Crear | Villager (Male) |
| 4:24 | Crear | Villager (Male) |
| 4:24 | Crear | Villager (Male) |
| 4:24 | Crear | Villager (Male) |
| 4:44 | Crear | Militia |
| 5:03 | Crear | Militia |
| 5:07 | Construir | House |
| 5:31 | Construir | Lumber Camp |
| 5:36 | Crear | Villager (Male) |
| 6:00 | Crear | Villager (Male) |
| 6:00 | Crear | Villager (Male) |
| 6:31 | Crear | Villager (Male) |
| 6:35 | Construir | House |
| 6:47 | Crear | Villager (Male) |
| 7:27 | Construir | Mill |
| 7:38 | Crear | Villager (Male) |
| 7:55 | Crear | Villager (Male) |
| 8:05 | Crear | Villager (Male) |
| 8:35 | Construir | Mill |
| 8:40 | Construir | House |
| 8:54 | Crear | Villager (Male) |
| 9:26 | Investigar | Feudal Age |
| 9:26 | Investigar | Feudal Age |
| 9:48 | Construir | Mining Camp |
| 10:30 | Crear | Villager (Male) |
| 10:30 | Crear | Villager (Male) |
| 10:53 | Crear | Villager (Male) |
| 11:18 | Construir | Palisade Wall |
| 11:20 | Construir | Palisade Wall |
| 11:22 | Construir | Palisade Wall |
| 11:36 | Edad | Edad Feudal |
| 11:36 | Construir | Palisade Wall |
| 11:37 | Construir | Palisade Wall |
| 11:38 | Construir | Palisade Wall |
| 11:45 | Construir | Market |
| 11:55 | Construir | Blacksmith |
| 12:03 | Crear | Villager (Male) |
| 13:23 | Investigar | Castle Age |
| 13:23 | Investigar | Castle Age |
| 13:40 | Construir | Farm |
| 13:49 | Crear | Spearman |
| 14:09 | Construir | Palisade Wall |
| 14:11 | Construir | Palisade Wall |
| 14:13 | Construir | Palisade Wall |
| 14:31 | Construir | Lumber Camp |
| 14:43 | Construir | Farm |
| 14:52 | Crear | Eagle Scout |
| 15:16 | Crear | Spearman |
| 15:25 | Construir | Watch Tower |
| 15:35 | Construir | House |
| 15:37 | Construir | House |
| 15:38 | Construir | Palisade Wall |
| 15:40 | Construir | House |
| 16:03 | Edad | Edad de los Castillos |
| 16:29 | Crear | Villager (Male) |
| 16:41 | Construir | Town Center |
| 16:51 | Construir | Farm |
| 16:54 | Crear | Villager (Male) |
| 16:55 | Crear | Spearman |
| 16:55 | Crear | Spearman |
| 17:09 | Crear | Villager (Male) |
| 17:22 | Crear | Villager (Male) |
| 17:37 | Crear | Villager (Male) |
| 17:50 | Construir | Farm |
| 17:52 | Construir | Farm |
| 17:57 | Construir | House |
| 18:13 | Crear | Villager (Male) |
| 18:15 | Construir | Siege Workshop |
| 18:26 | Crear | Villager (Male) |
| 18:35 | Construir | Farm |
| 18:38 | Crear | Villager (Male) |
| 18:38 | Crear | Villager (Male) |
| 18:52 | Construir | Farm |
| 18:56 | Crear | Villager (Male) |
| 19:22 | Crear | Spearman |
| 19:25 | Crear | Villager (Male) |
| 19:31 | Construir | Farm |
| 19:53 | Crear | Eagle Scout |
| 19:56 | Crear | Villager (Male) |
| 19:58 | Construir | Farm |
| 19:59 | Construir | Farm |
| 20:06 | Construir | Farm |
| 20:11 | Construir | Farm |
| 20:20 | Construir | House |
| 20:23 | Crear | Scorpion |
| 20:24 | Crear | Eagle Scout |
| 20:24 | Crear | Villager (Male) |
| 20:32 | Construir | House |
| 20:37 | Construir | Watch Tower |
| 21:36 | Crear | Villager (Male) |
| 21:42 | Crear | Villager (Male) |
| 21:44 | Crear | Eagle Scout |
| 21:45 | Crear | Eagle Scout |
| 21:55 | Crear | Villager (Male) |
| 22:12 | Crear | Villager (Male) |
| 22:13 | Construir | Barracks |
| 22:16 | Construir | Barracks |
| 22:21 | Crear | Villager (Male) |
| 22:24 | Crear | Eagle Scout |
| 22:36 | Crear | Villager (Male) |
| 22:40 | Crear | Villager (Male) |
| 22:46 | Crear | Villager (Male) |
| 23:09 | Crear | Eagle Scout |
| 23:10 | Crear | Eagle Scout |
| 23:10 | Crear | Eagle Scout |
| 23:29 | Crear | Eagle Scout |
| 23:29 | Crear | Eagle Scout |
| 23:30 | Crear | Villager (Male) |
| 23:30 | Crear | Villager (Male) |
| 23:42 | Crear | Eagle Scout |
| 23:42 | Crear | Villager (Male) |
| 23:44 | Construir | House |
| 23:57 | Crear | Villager (Male) |
| 24:11 | Construir | Monastery |
| 24:24 | Crear | Eagle Scout |
| 24:25 | Crear | Eagle Scout |
| 24:25 | Crear | Eagle Scout |
| 24:26 | Crear | Villager (Male) |
| 24:26 | Crear | Villager (Male) |
| 24:28 | Construir | House |
| 24:31 | Construir | House |
| 24:51 | Crear | Villager (Male) |
| 24:57 | Crear | Spearman |
| 24:57 | Crear | Spearman |
| 25:04 | Construir | House |
| 25:09 | Crear | Monk |
| 25:15 | Investigar | Pikeman (upgrade) |
| 25:16 | Investigar | Pikeman (upgrade) |
| 25:32 | Crear | Villager (Male) |
| 25:32 | Crear | Villager (Male) |
| 25:35 | Construir | House |
| 25:47 | Construir | Farm |
| 25:48 | Construir | Farm |
Build order — MooN | MooN
Primeras 150 de 198 acciones detectadas
| 0:00 | Crear | Villager (Male) |
| 0:01 | Crear | Villager (Male) |
| 0:02 | Construir | House |
| 0:03 | Construir | House |
| 0:07 | Crear | Villager (Male) |
| 0:08 | Crear | Villager (Male) |
| 1:34 | Crear | Villager (Male) |
| 1:53 | Crear | Villager (Male) |
| 2:23 | Construir | Lumber Camp |
| 2:30 | Crear | Villager (Male) |
| 2:31 | Crear | Villager (Male) |
| 2:56 | Crear | Villager (Male) |
| 3:35 | Crear | Villager (Male) |
| 3:48 | Construir | House |
| 4:12 | Construir | House |
| 4:19 | Crear | Villager (Male) |
| 4:19 | Crear | Villager (Male) |
| 4:20 | Crear | Villager (Male) |
| 4:40 | Construir | Mill |
| 5:08 | Crear | Villager (Male) |
| 5:09 | Crear | Villager (Male) |
| 5:09 | Crear | Villager (Male) |
| 5:16 | Crear | Villager (Male) |
| 5:52 | Crear | Villager (Male) |
| 5:55 | Construir | Palisade Wall |
| 5:56 | Construir | Palisade Wall |
| 5:57 | Construir | Palisade Wall |
| 6:06 | Investigar | Loom |
| 6:37 | Construir | Palisade Wall |
| 6:38 | Construir | Palisade Wall |
| 6:40 | Construir | Palisade Wall |
| 6:51 | Investigar | Feudal Age |
| 7:08 | Construir | Palisade Wall |
| 7:11 | Construir | Palisade Wall |
| 7:45 | Construir | Palisade Wall |
| 7:47 | Construir | Palisade Wall |
| 7:53 | Construir | Palisade Wall |
| 8:09 | Crear | Villager (Male) |
| 8:13 | Construir | Barracks |
| 8:16 | Construir | House |
| 8:25 | Construir | House |
| 8:26 | Crear | Villager (Male) |
| 9:01 | Edad | Edad Feudal |
| 9:03 | Crear | Villager (Male) |
| 9:18 | Construir | Stable |
| 9:43 | Crear | Villager (Male) |
| 9:59 | Construir | Mill |
| 10:03 | Crear | Villager (Male) |
| 10:06 | Construir | House |
| 10:10 | Crear | Scout Cavalry |
| 10:10 | Crear | Scout Cavalry |
| 10:10 | Crear | Scout Cavalry |
| 10:26 | Investigar | Double-Bit Axe |
| 10:31 | Crear | Villager (Male) |
| 10:53 | Crear | Villager (Male) |
| 11:00 | Crear | Spearman |
| 11:17 | Crear | Villager (Male) |
| 11:25 | Crear | Scout Cavalry |
| 11:36 | Construir | House |
| 11:53 | Crear | Villager (Male) |
| 11:57 | Construir | Farm |
| 11:58 | Construir | Farm |
| 12:04 | Crear | Scout Cavalry |
| 12:27 | Crear | Villager (Male) |
| 12:35 | Construir | Farm |
| 12:57 | Crear | Villager (Male) |
| 12:58 | Crear | Villager (Male) |
| 13:05 | Crear | Villager (Male) |
| 13:14 | Crear | Villager (Male) |
| 13:21 | Construir | Watch Tower |
| 13:28 | Crear | Villager (Male) |
| 13:33 | Construir | Farm |
| 13:38 | Construir | House |
| 13:42 | Construir | Palisade Wall |
| 13:48 | Crear | Scout Cavalry |
| 13:58 | Construir | Farm |
| 13:58 | Crear | Villager (Male) |
| 14:02 | Construir | Farm |
| 14:14 | Construir | Farm |
| 14:16 | Construir | Farm |
| 14:28 | Construir | Blacksmith |
| 14:36 | Crear | Villager (Male) |
| 14:59 | Construir | Watch Tower |
| 15:16 | Crear | Scout Cavalry |
| 15:16 | Crear | Villager (Male) |
| 15:20 | Investigar | Fletching |
| 16:02 | Crear | Villager (Male) |
| 16:25 | Crear | Villager (Male) |
| 16:32 | Construir | Farm |
| 16:32 | Construir | Farm |
| 16:32 | Construir | Farm |
| 16:33 | Construir | Farm |
| 16:33 | Construir | Farm |
| 16:55 | Crear | Villager (Male) |
| 16:57 | Construir | Mining Camp |
| 17:07 | Construir | Market |
| 17:29 | Crear | Villager (Male) |
| 17:50 | Construir | Mining Camp |
| 17:54 | Construir | House |
| 18:10 | Construir | House |
| 18:10 | Crear | Villager (Male) |
| 18:32 | Crear | Villager (Male) |
| 19:18 | Construir | Watch Tower |
| 19:21 | Investigar | Castle Age |
| 19:26 | Construir | Stable |
| 19:46 | Crear | Villager (Male) |
| 19:48 | Investigar | Stone Mining |
| 20:08 | Crear | Villager (Male) |
| 20:11 | Crear | Scout Cavalry |
| 20:28 | Construir | Watch Tower |
| 20:32 | Crear | Scout Cavalry |
| 20:35 | Construir | House |
| 21:00 | Crear | Scout Cavalry |
| 21:01 | Crear | Scout Cavalry |
| 21:58 | Investigar | Bloodlines |
| 21:58 | Investigar | Bloodlines |
| 22:01 | Edad | Edad de los Castillos |
| 22:04 | Crear | Villager (Male) |
| 22:07 | Construir | Siege Workshop |
| 22:22 | Investigar | Scale Barding Armor |
| 22:32 | Crear | Knight |
| 23:17 | Crear | Knight |
| 23:21 | Construir | Farm |
| 23:25 | Crear | Villager (Male) |
| 23:30 | Crear | Knight |
| 23:38 | Crear | Scorpion |
| 23:54 | Construir | House |
| 23:54 | Crear | Villager (Male) |
| 23:56 | Construir | Farm |
| 23:58 | Crear | Knight |
| 23:59 | Crear | Knight |
| 23:59 | Crear | Knight |
| 24:22 | Construir | House |
| 24:26 | Crear | Knight |
| 24:27 | Crear | Villager (Male) |
| 24:36 | Construir | Farm |
| 24:54 | Crear | Scout Cavalry |
| 25:04 | Crear | Knight |
| 25:05 | Crear | Knight |
| 25:13 | Construir | Watch Tower |
| 25:24 | Crear | Scout Cavalry |
| 25:33 | Crear | Knight |
| 25:43 | Construir | Palisade Wall |
| 25:45 | Construir | Palisade Wall |
| 25:55 | Crear | Scorpion |
| 25:55 | Crear | Knight |
| 25:55 | Crear | Knight |
| 26:15 | Crear | Knight |
| 26:15 | Crear | Knight |
| 26:35 | Crear | Knight |
Cronología de la partida
| 3:32 | shegin · first_building Barracks |
| 5:55 | MooN | MooN · wall_segment Palisade Wall x1 |
| 5:56 | MooN | MooN · wall_segment Palisade Wall x1 |
| 5:57 | MooN | MooN · wall_segment Palisade Wall x1 |
| 6:37 | MooN | MooN · wall_segment Palisade Wall x1 |
| 6:38 | MooN | MooN · wall_segment Palisade Wall x1 |
| 6:40 | MooN | MooN · wall_segment Palisade Wall x1 |
| 7:08 | MooN | MooN · wall_segment Palisade Wall x7 |
| 7:11 | MooN | MooN · wall_segment Palisade Wall x3 |
| 7:45 | MooN | MooN · wall_segment Palisade Wall x1 |
| 7:47 | MooN | MooN · wall_segment Palisade Wall x1 |
| 7:53 | MooN | MooN · wall_segment Palisade Wall x1 |
| 8:13 | MooN | MooN · first_building Barracks |
| 9:01 | MooN | MooN · age_up feudal |
| 9:18 | MooN | MooN · first_building Stable |
| 11:18 | shegin · wall_segment Palisade Wall x1 |
| 11:20 | shegin · wall_segment Palisade Wall x1 |
| 11:22 | shegin · wall_segment Palisade Wall x1 |
| 11:36 | shegin · age_up feudal |
| 11:36 | shegin · wall_segment Palisade Wall x1 |
| 11:37 | shegin · wall_segment Palisade Wall x1 |
| 11:38 | shegin · wall_segment Palisade Wall x1 |
| 12:56 | shegin · first_market_sell 100 stone |
| 13:42 | MooN | MooN · wall_segment Palisade Wall x12 |
| 14:09 | shegin · wall_segment Palisade Wall x1 |
| 14:11 | shegin · wall_segment Palisade Wall x1 |
| 14:13 | shegin · wall_segment Palisade Wall x1 |
| 15:38 | shegin · wall_segment Palisade Wall x1 |
| 16:03 | shegin · age_up castle |
| 18:15 | shegin · first_building Siege Workshop |
| 22:01 | MooN | MooN · age_up castle |
| 22:07 | MooN | MooN · first_building Siege Workshop |
| 24:11 | shegin · first_building Monastery |
| 25:43 | MooN | MooN · wall_segment Palisade Wall x1 |
| 25:45 | MooN | MooN · wall_segment Palisade Wall x1 |
| 26:35 | shegin · first_market_buy 100 stone |
| 27:03 | shegin · wall_segment Palisade Wall x1 |
| 27:34 | shegin · wall_segment Palisade Wall x1 |
| 27:35 | shegin · wall_segment Palisade Wall x1 |
| 28:29 | shegin · wall_segment Stone Wall x1 |
| 28:48 | shegin · wall_segment Stone Wall x1 |
| 28:53 | shegin · wall_segment Stone Wall x1 |
| 28:54 | shegin · wall_segment Stone Wall x1 |
| 29:08 | MooN | MooN · first_building Castle |
| 29:35 | shegin · wall_segment Stone Wall x1 |
| 31:10 | MooN | MooN · first_market_buy 100 wood |
| 32:22 | shegin · resign |
[ ANÁLISIS IA · 1 CRÉDITO ]
¿Qué pasó realmente en esta partida?
Wolo.gg analiza cada decisión: build order, eco, micro, errores típicos por bracket. Análisis personalizado por WhatsApp o Discord en 30 segundos.
Guía civ
Maya
Perfil
shegin